AoeStats
← i cant believe you're not butter

Glade

510426861Analyzed
1v1 RM · 3d ago on Oct 1, 2026· 33m 14s· 2 players
Game mode
Random Map
Map size
Tiny (2 player)
Population
200
Speed
Normal
Resources
Standard
Victory
Conquest
Starting age
Dark Age
Ending age
Imperial Age
RankedLock teamsTeams togetherTeam positionsShared explorationLock speedFull tech treeHidden civsTurbo modeCheats
Victory
Defeat
🇺🇸 Huns · United States
1370
+16
🇨🇱 Mongols · Chile
1367
-16
Sacro
7:59 Feudal Age
6:14 Loom
8:41 Double-Bit Axe
13:30 Horse Collar
15:51 Fletching
20:58 Castle Age
19:49 Gold Mining
22:05 Bow Saw
21:54 Bodkin Arrow
22:57 Wheelbarrow
24:35 Gold Shaft Mining
24:07 Stone Mining
25:41 Hand Cart
30:11 Imperial Age
29:24 Heavy Plow
31:58 Stone Shaft Mining
33:54 Chemistry
i cant believe you're not butter
10:12 Feudal Age
10:12 Man-at-Arms
10:38 Arson
11:06 Double-Bit Axe
11:42 Loom
13:24 Horse Collar
14:09 Bloodlines
22:01 Castle Age
21:35 Fletching
21:49 Stone Mining
21:52 Gold Mining
26:04 Gold Shaft Mining
29:14 Imperial Age
27:48 Bloodlines
28:06 Scale Barding Armor
29:33 Bow Saw
30:08 Wheelbarrow
30:32 Chain Barding Armor
Connection lost

Rejoining the realm…

Still unreachable

The connection could not be restored.

Session expired

The server has moved on; the page needs a fresh start.